Map: 机械城 - 天梯版

Players

INnoVation - Winner!

  • Race: Terran Terran
  • League: Diamond

yohilo

  • Race: Terran Terran
  • League: Silver

Event: WESG 2018 Grand Finals

VOD

Have the link to the VOD?

Description

Time

  • Played on: March 12, 2019, 9:12 a.m.
  • Length: 3:21

All games in this series

Show
View Real Time Build Order
Export as new Build Order

INnoVation Terran - Winner!

Build Orders:  

Get SALT Encoding   

  12  0:00  SCV  
  13  0:13  Supply Depot  
  13  0:18  SCV  
  14  0:39  Barracks  
  14  0:41  Refinery  
  14  0:56  Barracks  
  14  1:01  SCV  
  15  1:13  SCV  
  16  1:26  Reaper  
  16  1:28  Orbital Command  
  17  1:37  Refinery  
  17  1:43  Reaper  
  18  1:54  SCV  
  18  2:01  Reaper  
  20  2:04  Supply Depot  
  20  2:06  SCV  
  21  2:15  Reaper  
  22  2:18  SCV  
  23  2:30  SCV  
  23  2:33  Reaper  
  25  2:40  Factory  
  25  2:42  SCV  
  26  2:48  Reaper  
  26  2:49  Supply Depot  
  27  2:55  SCV  
  29  3:07  SCV  
Show
View Real Time Build Order
Export as new Build Order

yohilo Terran 

Build Orders:  

Get SALT Encoding   

  12  0:00  SCV  
  13  0:13  SCV  
  14  0:21  Supply Depot  
  14  0:25  SCV  
  15  0:42  SCV  
  16  0:45  Barracks  
  16  0:54  SCV  
  17  0:58  Refinery  
  17  1:06  SCV  
  18  1:14  Barracks  
  18  1:18  SCV  
  18  1:21  Supply Depot  
  19  1:30  SCV  
  20  1:41  Reaper  
  20  1:42  Barracks  
  22  1:47  SCV  
  22  2:02  Orbital Command  
  22  2:04  Marine  
  23  2:13  Marine  
  23  2:27  Marine  
  23  2:31  Marine  
  20  2:45  Reaper  
  20  2:49  Marine  
Tags
 
Add a new tag
Caveats
  • Supply blocks, unpowered buildings, or Contaminate may cause inaccurate times.
  • Supply counts are checked every 10 seconds.